 Dungeon Crawl Stone Soup version 0.30-a0-1160-g6e42c06551 (webtiles) character file.

Game seed: 16123481428682274122

3258 PotatoBoi the Covert (level 10, -11/56 HPs)
             Began as a Kobold Necromancer on Apr 26, 2023.
             Was an Initiate of Kikubaaqudgha.
             Mangled by a freezing wraith (17 damage)
             ... while paralysed by accursed screaming
             ... on level 1 of the Abyss.
             The game lasted 01:11:27 (8383 turns).

PotatoBoi the Covert (Kobold Necromancer)           Turns: 8383, Time: 01:11:28

Health: -11/56     AC: 10    Str:  9    XL:     10   Next: 19%
Magic:  17/17      EV:  3    Int: 25    God:    Kikubaaqudgha [......]
Gold:   356        SH:  0    Dex: 15    Spells: 6/19 levels left

rFire   . . .        z - +6 dagger of Dishonour {venom, Stlth+}
rCold   . . .        (no shield)
rNeg    . . .        D - +1 ring mail of Ticaff {Str+3 Int+4}
rPois   .            (no helmet)
rElec   .            (no cloak)
rCorr   .            (no gloves)
SInv    .            s - +0 pair of boots
Will    .....        r - amulet of faith
Stlth   ++++++       j - ring of wizardry
HPRegen 0.29/turn    u - +4 ring of slaying
MPRegen 0.15/turn

%: faith, wizardry (x1)
@: paralysed
A: small, no large weapons, nightstalker 3, iridescent scales 1, MP-powered
wands
a: Renounce Religion


You were on level 1 of the Abyss.
You worshipped Kikubaaqudgha.
Kikubaaqudgha was noncommittal.
You visited 2 branches of the dungeon, and saw 8 of its levels.
You visited the Abyss 1 time.

You collected 419 gold pieces.
You spent 63 gold pieces at shops.

Inventory:

Hand Weapons
 f - a +0 club
 n - a +0 falchion
 o - a +0 dagger
 z - the +6 dagger of Dishonour (weapon) {venom, Stlth+}
   (You found it on level 3 of the Dungeon)

   Stlth:     It makes you more stealthy.
 B - a +2 mace of protection
 I - a +1 whip of flaming
 L - a +1 great sword of holy wrath
Missiles
 E - a throwing net
Armour
 a - a +0 robe
 h - a +0 leather armour
 s - a +0 pair of boots (worn)
 v - a +0 ring mail
 C - a +0 scale mail
 D - the +1 ring mail of Ticaff (worn) {Str+3 Int+4}
   (You found it on level 4 of the Dungeon)

   Str:       It affects your strength (+3).
   Int:       It affects your intelligence (+4).
 H - a +2 robe of the Archmagi
 Q - a +0 helmet
Magical Staves
 O - a staff of cold
Jewellery
 j - a ring of wizardry (left hand)
 r - an amulet of faith (around neck)
 u - a +4 ring of slaying (right hand)
 y - a ring of wizardry
 A - an amulet of regeneration
 J - a +5 ring of evasion
 P - a ring of magical power
 R - a ring of magical power
Wands
 N - a wand of iceblast (20)
Scrolls
 c - 2 scrolls of enchant weapon {unknown}
 e - a scroll of torment
 k - a scroll of amnesia {unknown}
 l - a scroll of summoning {unknown}
 q - a scroll of vulnerability {unknown}
 x - 2 scrolls of blinking {unknown}
 F - a scroll of magic mapping (quivered)
 K - a scroll of noise {unknown}
 M - a scroll of teleportation
Potions
 b - a potion of magic
 d - 2 potions of curing
 g - a potion of heal wounds
 i - a potion of flight {unknown}
 m - 2 potions of might
 p - 2 potions of degeneration
 t - a potion of brilliance {unknown}
 w - a potion of lignification
 G - a potion of attraction


   Skills:
 + Level 3.6 Fighting
 + Level 6.6 Short Blades
 - Level 0.1 Maces & Flails
 + Level 5.6 Armour
 + Level 5.0 Dodging
 + Level 9.6 Stealth
 + Level 5.2 Spellcasting
 + Level 6.1 Necromancy


You had 6 spell levels left.
You knew the following spells:

 Your Spells              Type           Power      Damage    Failure   Level
a - Necrotise             Necr           100%       1d9       1%          1
b - Vampiric Draining     Necr           37%        2d8       1%          3
c - Animate Dead          Necr           37%        N/A       6%          4
d - Agony                 Necr           37%        N/A       17%         5

Your spell library contained the following spells:

 Spells                   Type           Power      Damage    Failure   Level
 Sandblast                Erth           12%        2d6       9%          1
 Passwall                 Tmut/Erth      5%         N/A       12%         2
 Spider Form              Tmut/Pois      6%         N/A       24%         3
 Stone Arrow              Conj/Erth      12%        3d7       24%         3
 Animate Armour           Summ/Erth      12%        N/A       58%         4
 Blade Hands              Tmut           3%         N/A       89%         5
 Silence                  Hex/Air        3%         N/A       89%         5
 Eringya's Noxious Bog    Tmut/Pois      3%         N/A       100%        6
 Iron Shot                Conj/Erth      3%         9d2       100%        6
 Plasma Beam              Fire/Air       3%         2x1d14    100%        6


Dungeon Overview and Level Annotations

Branches:
Dungeon (7/15)             Temple (1/1) D:6

Altars:
Ashenzari
Cheibriados
Dithmenos
Elyvilon
Fedhas
Gozag
Hepliaklqana
Kikubaaqudgha
Makhleb
Nemelex Xobeh
Okawaru
Qazlal
Ru
Sif Muna
Trog
Uskayaw
Vehumet
Wu Jian
Xom
Yredelemnul
Zin
The Shining One

Shops:
D:1 [


Innate Abilities, Weirdness & Mutations

You are small and have problems with some larger weapons.
You are completely attuned to the shadows.
You are partially covered in iridescent scales. (AC +2)
You expend magic power (3 MP) to strengthen your wands.


Message History

You hit the ophan.
The ophan looks as sick as possible!
The ophan is heavily wounded.
You hit the ophan.
The ophan looks as sick as possible!
The ophan is heavily wounded.
You hit the ophan.
The ophan is heavily wounded.
You are suddenly pulled into a different region of the Abyss!
Kikubaaqudgha accepts your kill.
You feel a bit more experienced.
Your Dodging skill increases to level 5!
Your Stealth skill increases to level 9!
Your Spellcasting skill increases to level 5!
Your Necromancy skill increases to level 6!
You have reached level 10!
You feel clever.
A starcursed mass and a freezing wraith come into view.
A starcursed mass splits.
A starcursed mass splits.
A starcursed mass splits.
The starcursed mass attacks as you move away!
The starcursed mass touches you.
A starcursed mass splits.
A starcursed mass splits. x2
A deafening chorus of shrieks assaults your mind!
A deafening chorus of shrieks assaults your mind!
A starcursed mass splits.
A deafening chorus of shrieks assaults your mind!
You suddenly lose the ability to move!
You can move again.
A deafening chorus of shrieks assaults your mind!
A starcursed mass splits.
The starcursed mass attacks as you move away!
The starcursed mass touches you but does no damage.
A cacophony of accursed wailing tears at your sanity!
* * * LOW HITPOINT WARNING * * *
You suddenly lose the ability to move!
A starcursed mass splits.
The freezing wraith hits you!
* * * LOW HITPOINT WARNING * * *
The freezing wraith freezes you!
You die...
Kikubaaqudgha rasps: "You have failed me!
Welcome... death!"

.. .. .. .# .#.#
####### # .##...
###.. ... .
#..#..##..........
#. #..#X... . X..#
#.
#..###XX.X....#.#
.. #...@WX.X......
.# #.....###XXX...
#.. . . ...
###.....##..# . #
..##. #........ #
. #.#... ...
##.... # . .. . #
# ## ..# . .
.###.###.. . . .
.. #


You could see 8 starcursed masses and a freezing wraith.

Vanquished Creatures
  An ophan (Abyss:1)
  Pikel (D:4)
  A wraith (D:5)
  A water moccasin (D:5)
  2 ice beasts (D:5)
  4 ogres (D:5)
  A phantom (D:6)
  3 lemures (D:4)
  5 scorpions
  2 bullfrogs
  A howler monkey (D:5)
  3 hounds
  2 jellies (D:5)
  An orc priest (D:4)
  A sleepcap (D:6)
  Terence (D:3)
  5 iguanas
  3 orc wizards (D:4)
  4 gnolls (D:4)
  8 adders
  A shadow imp (D:5)
  2 white imps
  An ufetubus (D:5)
  3 adder zombies
  An adder skeleton (D:2)
  2 worms
  A dart slug (D:2)
  8 orcs
  A bat skeleton (D:2)
  8 endoplasms
  5 giant cockroaches
  4 goblins (D:4)
  5 hobgoblins
  5 jackals (D:3)
  3 kobolds
  5 quokkas
  3 ball pythons
  A ball python zombie (D:3)
  A bat (D:1)
  4 frilled lizards
  2 giant cockroach zombies
  4 rats
120 creatures vanquished.

Vanquished Creatures (collateral kills)
  A jelly (D:5)
  2 adders (D:3)
  A dart slug (D:3)
  A jackal (D:3)
  A ball python (D:1)
  3 goblins (D:4)
9 creatures vanquished.

Vanquished Creatures (others)
  A hound zombie (D:5)
  An adder zombie (D:3)
  A frilled lizard zombie (D:3)
  A gnoll zombie (D:4)
  2 goblin zombies (D:4)
  A hobgoblin zombie (D:4)
  2 jackal zombies (D:3)
  6 withered plants (D:2)
15 creatures vanquished.

Grand Total: 144 creatures vanquished

Notes
Turn   | Place    | Note
-------+----------+-------------------------------------------
     0 | D:1      | PotatoBoi the Kobold Necromancer began the quest for the
                  | Orb.
     0 | D:1      | Reached XP level 1. HP: 10/10 MP: 3/3
   221 | D:1      | Found Rudi's Armour Shop.
   246 | D:1      | Reached XP level 2. HP: 14/15 MP: 3/5
   382 | D:1      | Got the Compendium of Thunder and Toxicity
   875 | D:1      | Found a faded altar of an unknown god.
  1182 | D:2      | Reached XP level 3. HP: 19/19 MP: 6/6
  1483 | D:2      | Reached skill level 3 in Stealth
  1762 | D:2      | Reached skill level 1 in Short Blades
  2144 | D:2      | Reached XP level 4. HP: 20/24 MP: 8/8
  2323 | D:2      | Learned a level 3 spell: Vampiric Draining
  2328 | D:2      | Learned a level 4 spell: Animate Dead
  2419 | D:1      | Bought a +0 pair of boots for 63 gold pieces
  2765 | D:3      | HP: 1/24 [adder (2)]
  2778 | D:3      | Reached skill level 1 in Fighting
  2985 | D:3      | Identified the +6 dagger of Dishonour {venom, Stlth+}
  3016 | D:3      | Noticed Terence
  3060 | D:3      | Found a stormy altar of Qazlal.
  3067 | D:3      | Found a burning altar of Makhleb.
  3069 | D:3      | Found a glowing golden altar of the Shining One.
  3301 | D:3      | Found a basalt altar of Yredelemnul.
  3307 | D:3      | Reached XP level 5. HP: 28/29 MP: 9/9
  3447 | D:3      | Reached skill level 1 in Armour
  3728 | D:3      | Killed Terence
  3860 | D:3      | Gained mutation: You have a pair of small horns on your
                  | head. [potion of mutation]
  3860 | D:3      | Gained mutation: You are partially covered in large bone
                  | plates. (SH +4) [potion of mutation]
  3863 | D:3      | Lost mutation: You have a pair of small horns on your head.
                  | [potion of mutation]
  3863 | D:3      | Lost mutation: You are partially covered in large bone
                  | plates. (SH +4) [potion of mutation]
  3863 | D:3      | Gained mutation: You expend magic power (3 MP) to
                  | strengthen your wands. [potion of mutation]
  3863 | D:3      | Gained mutation: You are partially covered in iridescent
                  | scales. (AC +2) [potion of mutation]
  4293 | D:4      | Identified the +1 ring mail of Ticaff {Str+3 Int+4}
  4355 | D:4      | Reached XP level 6. HP: 34/34 MP: 9/11
  4580 | D:4      | Noticed Pikel
  4612 | D:4      | Killed Pikel
  4613 | D:4      | Reached skill level 4 in Stealth
  4613 | D:4      | Reached skill level 5 in Necromancy
  4613 | D:4      | Reached XP level 7. HP: 29/40 MP: 9/13
  4613 | D:4      | Reached XP level 8. HP: 32/44 MP: 9/14
  4667 | D:4      | Reached skill level 5 in Stealth
  5091 | D:4      | Found a glowing silver altar of Zin.
  5091 | D:4      | Noticed an angel
  5583 | D:5      | Entered Level 5 of the Dungeon
  5835 | D:5      | Noticed a wraith
  5919 | D:5      | Killed a wraith
  5920 | D:5      | Reached skill level 5 in Short Blades
  5920 | D:5      | Reached skill level 6 in Stealth
  5920 | D:5      | Reached XP level 9. HP: 33/49 MP: 15/15
  6437 | D:5      | Learned a level 5 spell: Agony
  6514 | D:5      | Reached skill level 7 in Stealth
  7364 | D:6      | Reached skill level 8 in Stealth
  7396 | D:6      | Reached skill level 5 in Armour
  7611 | D:6      | Found a staircase to the Ecumenical Temple.
  7634 | Temple   | Entered the Ecumenical Temple
  7709 | Temple   | Became a worshipper of Kikubaaqudgha
  8203 | Abyss:1  | Cast into level 1 of the Abyss (orc warrior)
  8263 | Abyss:1  | Noticed an ophan
  8265 | Abyss:1  | Found a corrupted altar of Lugonu.
  8271 | Abyss:1  | HP: 2/51 [ophan/bolt of fire (44)]
  8324 | Abyss:1  | Killed an ophan
  8325 | Abyss:1  | Reached skill level 5 in Dodging
  8325 | Abyss:1  | Reached skill level 9 in Stealth
  8325 | Abyss:1  | Reached skill level 5 in Spellcasting
  8325 | Abyss:1  | Reached XP level 10. HP: 56/56 MP: 17/17
  8370 | Abyss:1  | Noticed a starcursed mass
  8370 | Abyss:1  | Noticed a freezing wraith
  8377 | Abyss:1  | Paralysed by accursed screaming for 1 turns
  8382 | Abyss:1  | Paralysed by accursed screaming for 2 turns
  8383 | Abyss:1  | Mangled by a freezing wraith

Illustrated notes

Levels and vault maps discovered:
D:1:      ebering_trefoil_3fold, layout_loops_ring,
          hellmonk_ecumenical_altar_lost_god, serial_shops, shop_fountains,
          patterned_corridor
D:2:      minmay_door_path, layout_basic, serial_undead, serial_undead_a,
          serial_undead_b, serial_undead_a, serial_undead_b
D:3:      layout_rooms, grunt_temple_overflow_open,
          nicolae_yredelemnul_corpse_copse, uniq_terence
D:4:      layout_loops_ring, zin_angel, minmay_goblin_outpost, uniq_pikel
D:5:      cheibrodos_barr_body, layout_loops_ring, minmay_puff
D:6:      layout_basic, minmay_temple_entry_trees
D:7:      layout_cave_pools, biasface_ghost_orc_armoury, uniq_menkaure
Temple:   bh_familiar_temple
Abyss:1:  base:
D:3

Skill      XL: |  1  2  3  4  5  6  7  8  9 |
---------------+----------------------------+-----
Stealth        | 3 4 6 9 |  9.6
Short Blades   | 1 2 4 5 6 |  6.6
Fighting       | 1 2 3 |  3.6
Armour         | 1 3 5 |  5.6
Dodging        | 3 4 5 |  5.0
Spellcasting   | 3 4 5 |  5.2
Necromancy     | 5 6 |  6.1
Maces & Flails | |  0.1

Action                     |  1- 3 |  4- 6 |  7- 9 | 10-12 || total
---------------------------+-------+-------+-------+-------++-------
  Melee: Club              |    20 |       |       |       ||    20
         Dagger            |    84 |   160 |   154 |       ||   398
         Falchion          |     3 |       |       |       ||     3
         Punch             |     2 |     2 |     1 |       ||     5
   Cast: Necrotise         |    35 |     8 |    12 |       ||    55
         Animate Dead      |       |     7 |     3 |       ||    10
         Vampiric Draining |       |     3 |       |       ||     3
    Use: Scroll            |     2 |     3 |     3 |       ||     8
         Potion            |     2 |     4 |     3 |       ||     9
   Stab: Sleeping          |     6 |     4 |    16 |       ||    26
         Distracted        |       |       |     1 |       ||     1
 Armour: Leather armour    |    11 |    46 |       |       ||    57
         Scale mail        |       |     1 |       |       ||     1
         Ring mail         |       |    16 |    41 |     1 ||    58
  Dodge: Dodged            |    82 |   195 |    79 |       ||   356

Table legend: (Time is in decaauts)
 A = Elapsed time spent in this place.
 B = Non-inter-level travel time spent in this place.
 C = Inter-level travel time spent in this place.
 D = Time resting spent in this place.
 E = Time spent auto-exploring this place.
 F = Levels seen in this place.
 G = Mean time per level.
                   A        B        C        D        E       F      G
               +--------+--------+--------+--------+--------+-----+--------+
         Total |   8329 |   8320 |      9 |      0 |     20 |   9 |  925.4 |
       Dungeon |   7848 |   7839 |      9 |      0 |     20 |   7 | 1121.1 |
        Temple |    306 |    306 |      0 |      0 |      0 |   1 |  306.0 |
         Abyss |    174 |    174 |      0 |      0 |      0 |   1 |  174.0 |
               +--------+--------+--------+--------+--------+-----+--------+

Top non-repeatable levels by time:
     D:3: 1718 daAuts
     D:5: 1462 daAuts
     D:1: 1334 daAuts
     D:4: 1295 daAuts
     D:2: 1216 daAuts
     D:6: 802 daAuts
  Temple: 306 daAuts
 Abyss:1: 174 daAuts
     D:7: 19 daAuts
